 Dungeon Crawl Stone Soup version 0.18-a0-1413-g4eaa9ac (webtiles) character file.

633 BenSoosneb the Covert (level 7, -9/32 HPs)
             Began as a Spriggan Enchanter on Feb 25, 2016.
             Killed by divine providence
             ... invoked by an orc priest
              (14 damage)
             ... on level 4 of the Dungeon.
             The game lasted 00:12:51 (3981 turns).

BenSoosneb the Covert (Spriggan Enchanter)          Turns: 3981, Time: 00:12:51

Health: -9/32      AC:  3    Str:  4    XL:     7   Next: 24%
Magic:  10/15      EV: 18    Int: 21    God:
Gold:   153        SH:  0    Dex: 17    Spells: 4 memorised, 6 levels left

rFire  . . .     SeeInvis +     q - +1 short sword (drain)
rCold  . . .     Gourm    .     b - +1 robe
rNeg   . . .     Faith    .     (shield restricted)
rPois  .         Spirit   .     (helmet restricted)
rElec  .         Dismiss  .     (no cloak)
rCorr  .         Reflect  .     (gloves unavailable)
SustAt .         Harm     .     (boots unavailable)
MR     +....                    (no amulet)
Stlth  ++++......               o - +3 ring of intelligence
                                j - ring of loudness (curse)

@: very quick, somewhat resistant to hostile enchantments, stealthy
A: unfitting armour, see invisible, herbivore 3, speed 3, slow metabolism 2
a: no special abilities


You were on level 4 of the Dungeon.
You were full.

You visited 1 branch of the dungeon, and saw 4 of its levels.
You also visited: Ossuary.

You collected 153 gold pieces.

Inventory:

Hand Weapons
 n - a +1 hunting sling of freezing
 q - a +1 short sword of draining (weapon)
Armour
 b - a +1 robe (worn)
Jewellery
 j - a cursed ring of loudness (left hand)
 o - a +3 ring of intelligence (right hand)
Scrolls
 e - 3 scrolls of recharging
 g - a scroll of magic mapping
 r - a scroll of teleportation
Potions
 h - a potion of agility {unknown}
 i - a potion of flight {unknown}
 k - 2 potions of curing
 l - 2 potions of heal wounds
Books
 c - a book of Maledictions

   Spells                             Type                      Level
   a - Corona                         Hexes                        1
   b - Ensorcelled Hibernation        Hexes/Ice                    2
   c - Confuse                        Hexes                        3
   d - Tukima's Dance                 Hexes                        3
   e - Dazzling Spray                 Conjuration/Hexes            3
 p - a book of the Warp

   Spells                             Type                      Level
   a - Recall                         Summoning/Translocation      3
   b - Gell's Gravitas                Hexes/Translocation          3
   c - Force Lance                    Conjuration/Translocation    4
   d - Warp Weapon                    Charms/Translocation         5
   e - Summon Forest                  Summoning/Translocation      5
Comestibles
 a - 4 fruits
 d - 3 bread rations


   Skills:
 - Level 1.1 Short Blades
 - Level 3.0 Dodging
 - Level 10.9 Stealth
 + Level 4.8 Spellcasting
 + Level 5.0 Hexes


You had 6 spell levels left.
You knew the following spells:

 Your Spells              Type           Power        Failure   Level  Hunger
a - Corona                Hex            ####...      1%          1    None
b - Ensorcelled Hibernat  Hex/Ice        ###...       8%          2    None
c - Confuse               Hex            ####....     4%          3    ##.....
d - Tukima's Dance        Hex            ####....     4%          3    ##.....


Dungeon Overview and Level Annotations

Branches:
Dungeon (4/15)
 Temple: D:4-7

Altars:
Xom
Yredelemnul
Zin

Annotations:
D:2 Natasha


Innate Abilities, Weirdness & Mutations

You are tiny and cannot use many weapons and most armour.
You have supernaturally acute eyesight.
You are an herbivore.
You cover ground extremely quickly.
You need consume almost no food.


Message History

Press: ? - help, Shift-Dir - straight line, f - orc priest
Aim: an orc priest, wielding a club (chance to defeat MR: 46%)
The orc priest resists with some effort.
The orc priest shouts!
The orc priest hits you with a club.
The orc priest mumbles some strange prayers to Beogh against you.
Beogh smites you!
The orc priest calls down the wrath of Beogh upon you.
Beogh smites you!
* * * LOW HITPOINT WARNING * * *
You see here a scroll of noise.
Casting: Ensorcelled Hibernation
Confirm with . or Enter, or press ? or * to list all spells.
Aiming: Confuse
Press: ? - help, Shift-Dir - straight line, f/p - orc priest
Aim: an orc priest, wielding a club (chance to defeat MR: 55%)
The orc priest appears confused.
The orc priest calls down the wrath of Beogh upon you.
Beogh smites you!
You die...

##........# #.# #.#
..[#####..# #.# #.# ##.#
#..#######.# #.# ...#
#..........# #.# ##.#
#.##############.#
##.#####.# #.......#
##.......# #.#######
.##.###.#########.#
#.†## ##..)..o?.@.# ...#
#....o.##### ##.##
##.####.##
,##.###..#*#...##
,,##...#.##...o.#*******
,,*##.##.......o..,,,,,*
,,,,#.#####.....###***,*
*,*,#.# ##...## *,*
*,*,#.# ##.## *,*


You could see 2 orc priests.

Vanquished Creatures
  Sigmund (D:3)
  An ogre (D:4)
  A centaur zombie (Ossuary)
  An orc priest (D:3)
  Natasha (twice) (D:2)
  3 orc wizards (D:3)
  A worker ant (D:4)
  A howler monkey zombie (Ossuary)
  3 gnolls (D:3)
  3 adders
  A shadow imp (D:3)
  An adder zombie (Ossuary)
  3 worms
  2 dart slugs
  2 giant geckos
  14 orcs
  5 bats
  A giant cockroach (D:2)
  12 goblins
  10 hobgoblins
  A quokka (D:4)
  2 ball pythons
  5 giant newts
  8 kobolds
  7 rats
  A spectral orc (D:4)
92 creatures vanquished.

Vanquished Creatures (others)
  3 withered plants (Ossuary)
3 creatures vanquished.

Grand Total: 95 creatures vanquished

Notes
Turn   | Place    | Note
--------------------------------------------------------------
     0 | D:1      | BenSoosneb the Spriggan Enchanter began the quest for the Orb.
     0 | D:1      | Reached XP level 1. HP: 9/9 MP: 5/5
   427 | D:1      | Reached skill level 5 in Stealth
   467 | D:1      | Reached XP level 2. HP: 11/13 MP: 6/6
   473 | D:1      | Learned a level 2 spell: Ensorcelled Hibernation
   650 | D:1      | Reached skill level 6 in Stealth
  1109 | D:2      | Reached XP level 3. HP: 16/16 MP: 5/8
  1519 | D:2      | Noticed Natasha
  1529 | D:2      | Killed Natasha
  1529 | D:2      | Reached skill level 7 in Stealth
  1560 | D:2      | Learned a level 3 spell: Confuse
  1659 | D:2      | Reached XP level 4. HP: 21/21 MP: 6/9
  1689 | D:2      | Noticed Natasha
  1704 | D:2      | Killed Natasha
  1704 | D:2      | Reached skill level 8 in Stealth
  1745 | D:2      | Noticed Natasha
  1770 | D:2      | Found a glowing silver altar of Zin.
  2348 | D:3      | Reached XP level 5. HP: 6/24 MP: 6/10
  2350 | D:3      | Reached skill level 9 in Stealth
  2926 | D:3      | Noticed Sigmund
  2933 | D:3      | Killed Sigmund
  2933 | D:3      | Reached skill level 10 in Stealth
  2933 | D:3      | Reached XP level 6. HP: 28/28 MP: 11/11
  2979 | D:3      | Found a shimmering altar of Xom.
  3329 | D:4      | Found a basalt altar of Yredelemnul.
  3399 | D:4      | Learned a level 3 spell: Tukima's Dance
  3470 | D:4      | Found a sand-covered staircase.
  3477 | Ossuary  | Entered an ossuary
  3609 | Ossuary  | Reached XP level 7. HP: 20/32 MP: 9/14
  3885 | D:4      | Reached skill level 5 in Hexes
  3981 | D:4      | Killed from afar by an orc priest

Vault maps used:
D:1:      saegor_arrival_simple_e
D:2:      nicolae_overflow_hidden_temple, first_bread, uniq_natasha
D:3:      lemuel_doored_altar, uniq_sigmund
D:4:      marbit_many_paths, yredelemnul_forgotten_temple_becter,
          enter_ossuary_4
Ossuary:  ossuary_zaba_flooded

Skill      XL: |  1  2  3  4  5  6  7 |
---------------+----------------------+-----
Stealth        | 5 6 7 8 10 | 10.9
Spellcasting   | 4 |  4.8
Hexes          | 4 5 |  5.0
Short Blades   | |  1.1
Dodging        | |  3.0

Action                   |  1- 3 |  4- 6 |  7- 9 || total
-------------------------+-------+-------+-------++-------
Melee: Dagger            |    24 |       |       ||    24
       Short sword       |    66 |   133 |    17 ||   216
 Cast: Corona            |     2 |       |       ||     2
       Ensorcelled Hiber |    19 |    16 |     3 ||    38
       Confuse           |       |     5 |     3 ||     8
  Use: Scroll            |     3 |     5 |     2 ||    10
       Potion            |       |     1 |     2 ||     3
 Stab: Sleeping          |    20 |    23 |     2 ||    45
       Confused          |       |     4 |     2 ||     6
       Invisible         |       |     6 |       ||     6
  Eat: Bread ration      |       |     2 |       ||     2
